 Dungeon Crawl Stone Soup version 0.31-a0-632-g766dd24fdf (webtiles) character file.

Game seed: 8914782841930814202

8919 freelancePsychic the Nimble (level 11, -4/54 HPs)
             Began as a Felid Shapeshifter on Aug 25, 2023.
             Was a Believer of Trog.
             Killed by divine providence
             ... invoked by an orc priest
              (11 damage)
             ... on level 1 of the Orcish Mines.
             The game lasted 00:19:11 (10090 turns).

freelancePsychic the Nimble (Felid Shapeshifter)   Turns: 10090, Time: 00:19:11

Health: -4/54      AC:  2    Str: 17    XL:     11   Next: 16%
Magic:  12/12      EV: 27    Int: 10    God:    Trog [**....]
Gold:   551        SH:  0    Dex: 21    Spells: 10/10 levels left
                                        Lives:  0   Deaths: 4

rFire   + .          .
                       - Unarmed
rCold   + . .        (shield unavailable)
rNeg    . . .        (body armour unavailable)
rPois   .            (helmet unavailable)
rElec   .            (cloak unavailable)
rCorr   .            (gloves unavailable)
SInv    +            (boots unavailable)
Will    +....        (no amulet)
Stlth   +            d - ring "Yxuotev" {rF+ Str+6}
HPRegen 0.29/turn    a - ring of protection from cold
MPRegen 0.13/turn

%: no passive effects
@: flux-form, glowing, quick
A: glow, contaminating, very small, claws 1, fangs 3, see invisible, speed 1,
shaggy fur 2, stealthy paws, no weapons or thrown items, no armour, multi-lived
a: Begin Untransformation, Renounce Religion, Berserk, Trog's Hand


You were on level 1 of the Orcish Mines.
You worshipped Trog.
Trog was pleased with you.
You were something dangerously unstable.
You visited 3 branches of the dungeon, and saw 12 of its levels.
You also visited: Bailey.

You collected 551 gold pieces.

Inventory:

Jewellery
 a - a ring of protection from cold (right paw)
 d - the ring "Yxuotev" (left paw) {rF+ Str+6}
   (You acquired it on level 7 of the Dungeon)

   [ring of strength]

   Str+6:     It affects your strength (+6).
   rF+:       It protects you from fire.
Talismans
 b - a beast talisman
 c - a flux talisman (active)
Scrolls
 e - 2 scrolls of noise
 f - a scroll of immolation
 g - 3 scrolls of blinking
 i - a scroll of acquirement
 m - 2 scrolls of revelation
 B - a scroll of vulnerability
Potions
 h - a potion of mutation {unknown}
 j - 2 potions of might
 k - 2 potions of curing {@q1}
 n - a potion of lignification
 o - 2 potions of heal wounds {@q2}
 p - a potion of ambrosia
 s - 3 potions of brilliance {unknown}
 t - a potion of magic {unknown}
 v - a potion of degeneration {unknown}
 z - a potion of haste {unknown}
 A - 5 potions of attraction {unknown}
 C - a potion of enlightenment {unknown}


   Skills:
 + Level 10.0 Fighting
 + Level 11.4 Dodging
 - Level 4.0 Stealth
 + Level 9.9 Unarmed Combat
 - Level 7.0 Shapeshifting


You had 10 spell levels left.
You didn't know any spells.
Your spell library was empty.

Dungeon Overview and Level Annotations

Branches:
Dungeon (10/15)            Temple (1/1) D:5            Lair (0/5) D:8
    Orc (1/2) D:9          Bailey (visited)

Altars:
Ashenzari
Cheibriados
Dithmenos
Elyvilon
Fedhas
Gozag
Hepliaklqana
Kikubaaqudgha
Makhleb
Nemelex Xobeh
Okawaru
Qazlal
Ru
Sif Muna
Trog
Uskayaw
Vehumet
Wu Jian
Xom
Yredelemnul
Zin
The Shining One

Annotations:
D:4 exclusion: scorpion
D:5 exclusion: jelly, Sigmund
D:7 Jeremiah
D:8 Joseph
D:9 exclusion: centaur warrior


Innate Abilities, Weirdness & Mutations

You are something dangerously unstable.
You glow with magical radiation, making you easy to see and hit.
Foes you strike become dangerously contaminated with magical radiation.
You have sharp claws.
You have razor-sharp teeth.
You have supernaturally acute eyesight. (SInv)
You cover ground quickly. (Speed+)
You are covered in thick fur. (AC +2)
Your paws help you pounce on unaware monsters.
You are incapable of wielding weapons or throwing items.
You cannot wear armour.
You gain extra lives every three experience levels.


Message History

You claw the orc priest!
You kill the orc priest!
Trog accepts your kill. The orc misses you.
The orc priest invokes the aid of Beogh against you.
Beogh smites you! The orc completely misses you.
The orc warrior completely misses you.
You scratch the orc priest.
The orc priest begins to glow.
You bite the orc priest, but do no damage.
The orc priest is moderately wounded.
The orc priest closely misses you. The orc closely misses you.
The orc warrior completely misses you. The orc completely misses you.
You scratch the orc priest but do no damage.
The orc priest glows dangerously bright.
The orc priest is moderately wounded.
The orc priest misses you. The orc completely misses you.
The orc warrior closely misses you. The orc barely misses you.
You scratch the orc priest.
The orc priest shudders as magic cascades through it!
The orc priest twists and deforms.
The orc priest is almost dead.
The orc priest calls down the wrath of Beogh upon you.
Pain shoots through your body!
* * * LOW HITPOINT WARNING * * *
The orc priest completely misses you. The orc closely misses you.
The orc completely misses you. The orc warrior completely misses you.
The orc misses you.
You claw the orc priest!
You kill the orc priest!
Trog accepts your kill. The orc priest completely misses you.
The orc misses you. x2
The orc warrior misses you. The orc closely misses you.
You scratch the orc priest.
The orc priest begins to glow.
The orc priest is lightly wounded.
You scratch the orc priest.
The orc priest glows dangerously bright.
The orc priest is moderately wounded.
The orc priest mumbles some strange prayers to Beogh against you.
Beogh smites you!
You die...

#. .#..... ..
..#.... #. .......
##.## ....... #...#
##.......
##...#####.......#
#.....##...o....#.
###....#...Bo.....#
##.###.....o)o......
#...<#......oo......
##....#.....>.......
##...###.........#.
#.....#............
##...#.#...........
##................
#............


You could see an orc warrior, 2 orc priests and 3 orcs.

Vanquished Creatures
  An orc knight (Bailey)
  An elephant (D:8)
  Maggie (D:8)
  A hornet (D:8)
  A polar bear (D:9)
  2 vampires (D:9)
  2 basilisks (D:8)
  13 yaks
  Grum (D:8)
  A steam dragon (D:8)
  A water moccasin (D:6)
  9 orc warriors
  An ice beast (D:6)
  A sky beast (D:7)
  An ogre (D:6)
  4 wolves
  5 centaurs
  2 phantoms
  9 kobold brigands
  A scorpion (D:4)
  2 bullfrogs (D:7)
  13 wights
  9 killer bees
  9 orc priests
  2 hounds
  3 jellies
  An iguana (D:5)
  6 orc wizards
  8 adders
  2 shadow imps (D:6)
  2 white imps
  An ufetubus (D:6)
  A dart slug (D:5)
  37 orcs
  7 endoplasms
  19 giant cockroaches
  4 goblins
  8 hobgoblins
  3 quokkas
  4 ball pythons
  7 bats
  4 frilled lizards
  20 kobolds
  6 rats
236 creatures vanquished.

Notes
Turn   | Place    | Note
-------+----------+-------------------------------------------
     0 | D:1      | freelancePsychic the Felid Shapeshifter began the quest for
                  | the Orb.
     0 | D:1      | Reached XP level 1. HP: 9/9 MP: 2/2
    90 | D:1      | Reached skill level 1 in Stealth
   147 | D:1      | Reached XP level 2. HP: 12/12 MP: 3/3
   909 | D:3      | Reached XP level 3. HP: 16/16 MP: 4/4
  1050 | D:2      | Reached XP level 4. HP: 15/19 MP: 5/5
  1175 | D:2      | Found a sparkling altar of Nemelex Xobeh.
  1976 | D:4      | Noticed a phantom
  2042 | D:4      | Noticed a phantom
  2100 | D:4      | Found an ancient bone altar of Kikubaaqudgha.
  2101 | D:4      | Noticed a scorpion
  2170 | D:4      | Reached XP level 5. HP: 24/24 MP: 6/6
  2319 | D:4      | Killed a phantom
  2320 | D:4      | Gained mutation: You are covered in thick fur. (AC +2)
                  | [Felid growth]
  2320 | D:4      | Reached XP level 6. HP: 28/28 MP: 7/7
  2461 | D:4      | Killed by an exploding orc... ignited by their inner flame
  2462 | D:4      | Reached skill level 5 in Shapeshifting
  2716 | D:4      | Found a white marble altar of Elyvilon.
  2756 | D:5      | Entered Level 5 of the Dungeon
  2853 | D:5      | Noticed Sigmund
  3206 | D:5      | Found a staircase to the Ecumenical Temple.
  3216 | Temple   | Entered the Ecumenical Temple
  3246 | Temple   | Became a worshipper of Trog the Wrathful
  3351 | D:5      | Reached XP level 7. HP: 23/32 MP: 8/8
  4005 | D:6      | Reached XP level 8. HP: 17/36 MP: 9/9
  4245 | D:5      | Slain by an ogre
  4276 | D:7      | Reached skill level 5 in Fighting
  4276 | D:7      | Reached skill level 3 in Dodging
  4276 | D:7      | Reached skill level 5 in Unarmed Combat
  4506 | D:7      | Reached skill level 4 in Dodging
  4824 | D:7      | Found a hazy altar of Hepliaklqana.
  4936 | D:7      | Noticed Jeremiah
  4975 | D:7      | Identified a scroll of acquirement
  4975 | D:7      | Acquired the ring "Yxuotev" {rF+ Str+6}
  5200 | D:7      | Reached skill level 5 in Dodging
  5522 | D:8      | Found a flagged portal.
  5531 | Bailey   | Entered a bailey
  5567 | Bailey   | Reached * piety under Trog
  5747 | Bailey   | Reached skill level 6 in Dodging
  5747 | Bailey   | Reached XP level 9. HP: 42/42 MP: 10/10
  5761 | Bailey   | Noticed an orc knight
  5782 | Bailey   | Demolished by an orc warrior
  5814 | Bailey   | Killed an orc knight
  5815 | Bailey   | Reached skill level 7 in Dodging
  5952 | Bailey   | Found a burning altar of Makhleb.
  6484 | D:8      | Noticed Joseph
  6633 | D:8      | Noticed Grum
  6648 | D:8      | Reached skill level 8 in Dodging
  6660 | D:8      | Killed Grum
  6819 | D:8      | Noticed an elephant
  6854 | D:8      | Killed an elephant
  6855 | D:8      | Reached skill level 9 in Dodging
  6855 | D:8      | Reached XP level 10. HP: 42/49 MP: 11/11
  7107 | D:8      | Noticed Maggie
  7119 | D:8      | Killed Maggie
  7163 | D:8      | Found a staircase to the Lair.
  7171 | D:8      | Paralysed by a hornet for 3 turns
  7173 | D:8      | Slain by a hornet
  7716 | D:8      | Reached skill level 10 in Dodging
  7821 | D:9      | Found a glowing silver altar of Zin.
  7970 | D:9      | Found a staircase to the Orcish Mines.
  8202 | D:9      | Reached ** piety under Trog
  8395 | D:9      | Identified the +5 dagger "With Two Names" {elec, Dex+5}
  8535 | D:9      | Found a basalt altar of Yredelemnul.
  8593 | D:9      | Reached skill level 11 in Dodging
  8873 | D:9      | Reached XP level 11. HP: 54/54 MP: 12/12
  9116 | D:9      | Found an ornate altar of the Wu Jian Council.
  9193 | D:9      | Noticed a centaur warrior
  9468 | D:9      | Reached *** piety under Trog
  9686 | D:9      | Reached skill level 10 in Fighting
  9899 | D:10     | Entered Level 10 of the Dungeon
  9931 | D:10     | Noticed a two-headed ogre
 10065 | Orc:1    | Entered Level 1 of the Orcish Mines
 10090 | Orc:1    | Killed from afar by an orc priest

Illustrated notes

Levels and vault maps discovered:
D:1:      scummos_arrival_forest, layout_loops_ring
D:2:      minmay_roachtagon, layout_rooms, basic_altar
D:3:      layout_basic
D:4:      layout_rooms, nicolae_elyvilon_temple_path, kiku_gazebo_garden_becter,
          minmay_fractal_squares_gapless_5
D:5:      layout_basic, minmay_temple_entry_drinking_statues, uniq_sigmund
D:6:      layout_basic
D:7:      layout_basic, old_standard_altar, uniq_jeremiah
D:8:      layout_gridville, david_lair_generic, special_room [special_room_orc],
          enter_bailey_6, chequers_serial_rivers_room_a, uniq_maggie,
          uniq_joseph, uniq_grum
D:9:      kennysheep_blocky_hall, layout_stronghold,
          mainiacjoe_overflow_chevrons, nzn_wu_jian_council_hall,
          yredelemnul_altar_generic, david_orc_5, serial_ice, serial_ice_c,
          serial_ice_g, serial_ice_m, serial_ice_b, minmay_misc_feat_encased
D:10:     cheibrodos_wizards_tower, layout_basic, kennysheep_generic_room_11
Temple:   lightli_temple_of_artemis
Orc:1:    layout_caves, basic_altar, nicolae_orc_bridge_out

Skill      XL: |  1  2  3  4  5  6  7  8  9 10 11 |
---------------+----------------------------------+-----
Stealth        | 1 2 3 4 |  4.0
Fighting       | 2 3 4 6 8 9 10 | 10.0
Shapeshifting  | 4 5 7 |  7.0
Unarmed Combat | 4 6 8 9 |  9.9
Dodging        | 6 9 11 | 11.4

Action                     |  1- 3 |  4- 6 |  7- 9 | 10-12 || total
---------------------------+-------+-------+-------+-------++-------
  Melee: Unarmed           |    81 |   102 |   274 |   286 ||   743
         Bite              |    11 |     2 |    36 |    50 ||    99
         Punch             |     1 |     1 |       |       ||     2
 Invoke: Berserk           |       |       |     4 |     5 ||     9
         Trog's Hand       |       |       |       |     1 ||     1
    Use: Scroll            |     1 |     4 |    14 |     3 ||    22
         Potion            |       |     4 |     6 |       ||    10
   Stab: Sleeping          |     2 |    15 |       |       ||    17
         Distracted        |     2 |     1 |       |       ||     3
         Invisible         |       |       |     2 |       ||     2
 Armour: Skin              |     8 |    19 |    21 |    10 ||    58
  Dodge: Dodged            |    51 |    61 |   281 |   271 ||   664
   Form: Flux              |       |     1 |     1 |       ||     2
         Beast             |       |       |     1 |       ||     1

Table legend: (Time is in decaauts)
 A = Elapsed time spent in this place.
 B = Non-inter-level travel time spent in this place.
 C = Inter-level travel time spent in this place.
 D = Time resting spent in this place.
 E = Time spent auto-exploring this place.
 F = Levels seen in this place.
 G = Mean time per level.
                   A        B        C        D        E       F      G
               +--------+--------+--------+--------+--------+-----+--------+
         Total |   8916 |   8488 |    428 |   1254 |   5250 |  13 |  685.8 |
       Dungeon |   8425 |   8012 |    413 |   1158 |   5044 |  10 |  842.5 |
        Temple |     41 |     26 |     15 |      0 |      0 |   1 |   41.0 |
  Orcish Mines |     20 |     20 |      0 |      0 |      5 |   1 |   20.0 |
        Bailey |    428 |    428 |      0 |     96 |    200 |   1 |  428.0 |
               +--------+--------+--------+--------+--------+-----+--------+

Top non-repeatable levels by time:
     D:9: 1763 daAuts
     D:8: 1760 daAuts
     D:7: 1010 daAuts
     D:3: 987 daAuts
     D:6: 877 daAuts
     D:5: 580 daAuts
     D:1: 532 daAuts
     D:4: 489 daAuts
  Bailey: 428 daAuts
     D:2: 375 daAuts
    D:10: 49 daAuts
  Temple: 41 daAuts
   Orc:1: 20 daAuts
